 Dungeon Crawl Stone Soup version 0.30-a0-364-gf6b3ef1049 (webtiles) character file.

Game seed: 16286701301872424703

1 Manisia the Magician (level 1, 18/18 HPs)
             Began as a Mummy Wanderer on Nov 15, 2022.
             Safely got out of the dungeon.
             The game lasted 00:00:32 (25 turns).

Manisia the Magician (Mummy Wanderer)                 Turns: 25, Time: 00:00:33

Health: 18/18      AC:  3    Str: 15    XL:     1   Next: 16%
Magic:  8/8        EV: 11    Int: 13    God:
Gold:   0          SH:  0    Dex:  9    Spells: 13/13 levels left

rFire   x . .      SeeInvis .    a - +0 club
rCold   + . .      Faith    +    (no shield)
rNeg    + + +      Spirit   .    c - +0 leather armour
rPois   ∞          Reflect  .    (no helmet)
rElec   .          Harm     .    (no cloak)
rCorr   .          Rampage  .    (no gloves)
Will    .....                    (no boots)
Stlth   +.........               (no amulet)
HPRegen 0.23/turn                (no ring)
MPRegen 0.11/turn                (no ring)

@: no status effects
A: cold resistance 1, negative energy resistance 3, torment resistance 2, heat
vulnerability 1, no potions, faith
a: no special abilities


You escaped.
You visited 1 branch of the dungeon, and saw 1 of its levels.

Inventory:

Hand Weapons
 a - a +0 club (weapon)
Armour
 c - a +0 leather armour (worn)
Scrolls
 b - a scroll of blinking
 d - a scroll of teleportation


   Skills:
 + Level 3.0 Fighting
 + Level 6.6 Spellcasting
 + Level 1.0 Summonings


You had 13 spell levels left.
You didn't know any spells.
Your spell library contained the following spells:

 Spells                   Type           Power      Damage    Failure   Level
 Summon Small Mammal      Summ           24%        N/A       13%         1
 Magic Dart               Conj           16%        1d3       19%         1
 Shock                    Conj/Air       16%        1d4       19%         1
 Passwall                 Tmut/Erth      3%         N/A       28%         2
 Call Canine Familiar     Summ           6%         N/A       36%         3
 Vhi's Electric Charge    Tloc/Air       8%         N/A       50%         3


Dungeon Overview and Level Annotations

Branches:
Dungeon (1/15)

Altars:


Innate Abilities, Weirdness & Mutations

You are immune to poison.
Your flesh is cold resistant. (rC+)
You are immune to negative energy. (rN+++)
You are immune to unholy pain and torment.
You are vulnerable to heat. (rF-)
You do not drink.
You have a special connection with the divine. (Faith)


Message History

Welcome, Manisia the Mummy Wanderer.
Will you be the one to retrieve the fabulous Orb of Zot from the depths?
Press ? for a list of commands and other information.
Found a staircase leading out of the dungeon.
You begin with the following items: a +0 club, a scroll of blinking, a +0 leather armour, a scroll of teleportation; and the following spells available to memorise: Summon Small Mammal, Magic Dart, Shock, Passwall, Call Canine Familiar, Vhi's Electric Charge.
Okay, then.
You don't know any spells.
Okay, then.
You open the large door.
There is a large open door here.
Why would you want to do that?
You open the large door.
There is a large open door here.
You open the large door.
A bat comes into view.
The bat barely misses you. x2
You miss the bat. The bat hits you but does no damage.
The bat closely misses you.
There is a large open door here.
You hit the bat.
The bat is severely wounded.
The bat barely misses you. The bat misses you. The bat hits you.
You barely miss the bat.
The bat is heavily wounded.
The bat barely misses you. The bat barely misses you.
You hit the bat.
You kill the bat!
No target in view!
There is a large open door here.
You see here a bat corpse.
There is a large open door here.
There is a staircase leading out of the dungeon here.
Are you sure you want to leave the Dungeon?
This will make you lose the game!
Alright, then stay!
Are you sure you want to leave the Dungeon?
This will make you lose the game!
You have escaped!

####
#@.#
###§'###
#...§§.#
#.§≈≈§.#
#.≈§§§.#
#......#
###†'###
#..#
#''#


There were no monsters in sight!

Vanquished Creatures
  A bat (D:1)
1 creature vanquished.

Notes
Turn   | Place    | Note
-------+----------+-------------------------------------------
     0 | D:1      | Manisia the Mummy Wanderer began the quest for the Orb.
     0 | D:1      | Manisia set off with the following items: a +0 club, a
                  | scroll of blinking, a +0 leather armour, a scroll of
                  | teleportation; and the following spells available to
                  | memorise: Summon Small Mammal, Magic Dart, Shock, Passwall,
                  | Call Canine Familiar, Vhi's Electric Charge.
     0 | D:1      | Reached XP level 1. HP: 18/18 MP: 8/8
    25 | D:$      | Safely got out of the dungeon.

Illustrated notes

Levels and vault maps discovered:
D:1:      lightli_arrival_lavapool, layout_loops_cross, minivault_25

Action                   || total
-------------------------++-------
Melee: Club              ||     4
Armor: Leather armour    ||     1
Dodge: Dodged            ||     7

Table legend: (Time is in decaauts)
 A = Elapsed time spent in this place.
 B = Non-inter-level travel time spent in this place.
 C = Inter-level travel time spent in this place.
 D = Time resting spent in this place.
 E = Time spent auto-exploring this place.
 F = Levels seen in this place.
 G = Mean time per level.
                   A        B        C        D        E       F      G
               +--------+--------+--------+--------+--------+-----+--------+
         Total |     26 |     19 |      7 |      0 |      0 |   1 |   26.0 |
       Dungeon |     26 |     19 |      7 |      0 |      0 |   1 |   26.0 |
               +--------+--------+--------+--------+--------+-----+--------+

Top non-repeatable levels by time:
     D:1: 26 daAuts
